 Dungeon Crawl Stone Soup version 0.22-a0-422-g9628fc8 (webtiles) character file.

7 iamserjio the Ducker (level 1, 0/9 HPs)
             Began as a Spriggan Transmuter on May 22, 2018.
             Slain by a leopard gecko (3 damage)
             ... on level 1 of the Dungeon.
             The game lasted 00:00:43 (93 turns).

iamserjio the Ducker (Spriggan Transmuter)            Turns: 93, Time: 00:00:44

Health: 0/9        AC:  2    Str:  6    XL:     1   Next: 83%
Magic:  4/5        EV: 18    Int: 14    God:
Gold:   0          SH:  0    Dex: 16    Spells: 4/5 levels left

rFire    . . .     SeeInvis +     - Unarmed
rCold    . . .     Gourm    .   (shield restricted)
rNeg     . . .     Faith    .   b - +0 robe
rPois    .         Spirit   .   (helmet restricted)
rElec    .         Reflect  .   (no cloak)
rCorr    .         Harm     .   (gloves unavailable)
MR       .....                  (boots unavailable)
Stlth    +.........             (no amulet)
HPRegen  0.03/turn              (no ring)
MPRegen  0.09/turn              (no ring)

@: appendage, very quick
A: very small, unfitting armour, horns 2, see invisible, herbivore, speed 3,
slow metabolism 2
a: End Transformation


You were on level 1 of the Dungeon.
You were not hungry.
You had grown temporary horns.
You visited 1 branch of the dungeon, and saw 1 of its levels.

Inventory:

Missiles
 a - 48 arrows
Armour
 b - a +0 robe (worn)
Jewellery
 e - an uncursed amulet of harm {unknown}
Potions
 c - a potion of curing {unknown}
Comestibles
 d - 2 rations


   Skills:
 - Level 0.7 Fighting
 * Level 3.3 Dodging
 + Level 2.5 Unarmed Combat
 + Level 2.8 Spellcasting
 * Level 3.0 Transmutations


You had 4 spell levels left.
You knew the following spells:

 Your Spells              Type           Power        Failure   Level  Hunger
a - Beastly Appendage     Tmut           ##....       6%          1    #......

Your spell library contained the following spells:

 Spells                   Type           Power        Failure   Level  Hunger
 Spider Form              Tmut/Pois      #.........   34%         3    ###....
 Blade Hands              Tmut           ##........   87%         5    ######.
 Ice Form                 Ice/Tmut       #.......     75%         4    #####..
 Sticks to Snakes         Tmut           ##......     10%         2    ###....


Dungeon Overview and Level Annotations

Branches:
Dungeon (1/15)

Altars:


Innate Abilities, Weirdness & Mutations

You are very small and have problems with some larger weapons.
You are too small for most types of armour.
You have supernaturally acute eyesight. (SInv)
You are a herbivore.
You cover ground extremely quickly.
You need to consume almost no food.
You have a pair of horns on your head.


Message History

a club; a hobgoblin corpse
d - 2 rations (gained 1) Magic restored.
A leopard gecko comes into view.
A leopard gecko is nearby!
You start resting.
The leopard gecko is too close now for your liking.
A leopard gecko is nearby!
A leopard gecko is nearby!
The leopard gecko hisses angrily.
The leopard gecko hisses menacingly.
Your magical contamination has completely faded away.
Casting: Beastly Appendage (safe; 6% risk of failure)
Confirm with . or Enter, or press ? or * to list all spells.
You grow a pair of large bovine horns.
The leopard gecko hisses menacingly.
The leopard gecko bites you.
You barely miss the leopard gecko. Your headbutt misses the leopard gecko.
The leopard gecko bites you.
You die...

#... #.....# ..# #.....#
..## #.....# ...##
#####.....# .#..#
...#.....# .##.#
###.......# ....
.##.#######.........# ....
###.....##......)...# ....
###.....#.......@...##....
#...........#####l.....#
..#.........# #......#
..........### #......#
######....# #......#
.....#...## ###..###
..<..#..## #..# .....#.##
....# .....#..# ....#


You could see a leopard gecko.

Vanquished Creatures
  4 hobgoblins (D:1)
  A bat (D:1)
  A frilled lizard (D:1)
6 creatures vanquished.

Notes
Turn   | Place    | Note
-------+----------+-------------------------------------------
     0 | D:1      | iamserjio the Spriggan Transmuter began the quest for the Orb.
     0 | D:1      | Reached XP level 1. HP: 9/9 MP: 5/5
    93 | D:1      | Slain by a leopard gecko

Vault maps used:
D:1:      dpeg_arrival_windows_large_door

Skill      XL: |  1 |
---------------+----+-----
Transmutations | 3 |  3.0
Fighting       | |  0.7
Dodging        | |  3.3
Unarmed Combat | |  2.5
Spellcasting   | |  2.8

Action                   || total
-------------------------++-------
Melee: Unarmed           ||    20
       Headbutt          ||     2
 Cast: Beastly Appendage ||     2
Dodge: Dodged            ||    10

Table legend:
 A = Spawn XP
 B = Non-spawn XP
 C = Spawn XP percentage of total XP
 D = Spawn monster count
 E = Non-spawn monster count
 F = Spawn count percentage of total count
 G = Total turns spent on level
                    A         B        C        D         E        F      G
               +---------+---------+-------+---------+---------+-------+---------
         Total |       0 |      10 |   0.0 |       0 |       6 |   0.0 |    93
               +---------+---------+-------+---------+---------+-------+---------
           D:1 |       0 |      10 |   0.0 |       0 |       6 |   0.0 |    93
               +---------+---------+-------+---------+---------+-------+---------
